 Dungeon Crawl Stone Soup version 0.18-a0-1683-gf9322e6 (webtiles) character file.

13295 namelastname112 the Carver (level 11, -3/153 HPs)
             Began as a Grey Draconian Berserker on Apr 3, 2016.
             Was the Champion of Trog.
             Slain by a komodo dragon (19 damage)
             ... on level 11 of the Dungeon.
             The game lasted 01:12:48 (10232 turns).

namelastname112 the Carver (DrBe)                  Turns: 10232, Time: 01:12:49

Health: -3/153     AC: 17    Str: 24    XL:     11   Next: 73%
Magic:  11/11      EV: 22    Int: 12    God:    Trog [******]
Gold:   731        SH:  0    Dex: 24    Spells: 0 memorised, 10 levels left

rFire  . . .     SeeInvis +     n - +2 short sword (elec)
rCold  + . .     Gourm    .     (armour unavailable)
rNeg   + . .     Faith    +     (no shield)
rPois  .         Spirit   .     (helmet restricted)
rElec  .         Dismiss  .     p - +2 cloak
rCorr  .         Reflect  .     f - +0 pair of gloves "Kecudigh" {-Cast Int+4 Dex+10 SInv}
SustAt .         Harm     .     L - +0 pair of boots
MR     .....     NoCast   +     P - amulet of faith
Stlth  ..........               D - ring of positive energy
                                F - ring of protection from cold

@: berserking, very quick, not resistant to hostile enchantments, extremely
unstealthy
A: walk through water, unfitting armour, unbreathing, cold-blooded, AC +12
a: Berserk, Trog's Hand, Brothers in Arms, Burn Spellbooks, Renounce Religion


You were on level 11 of the Dungeon.
You worshipped Trog.
Trog was exalted by your worship.
You were not hungry.

You visited 1 branch of the dungeon, and saw 11 of its levels.
You also visited: Ossuary.

You collected 761 gold pieces.
You spent 30 gold pieces at shops.

Inventory:

Hand Weapons
 a - a +0 falchion
 n - a +2 short sword of electrocution (weapon)
 R - a +0 scimitar
Missiles
 O - a throwing net (quivered)
Armour
 f - the +0 pair of gloves "Kecudigh" (worn) {-Cast Int+4 Dex+10 SInv}
   (You acquired it on level 8 of the Dungeon)

   It affects your intelligence (+4).
   It affects your dexterity (+10).
   It lets you see invisible.
   It prevents spellcasting.
 p - a +2 cloak (worn)
 L - a +0 pair of boots (worn)
Jewellery
 D - a ring of positive energy (right hand)
 F - a ring of protection from cold (left hand)
 P - an amulet of faith (around neck)
Wands
 k - a wand of lightning (15/15)
 y - a wand of lightning (7/15)
 M - a wand of teleportation (5/9)
 Q - a wand of flame (15/48)
 S - a wand of polymorph (8/24)
Scrolls
 e - 5 scrolls of amnesia
 h - 5 scrolls of magic mapping
 m - a scroll of teleportation
 q - a scroll of enchant weapon
 t - 2 scrolls of remove curse
 w - 4 scrolls of enchant armour
 x - 3 scrolls of fear
 z - a scroll of recharging
 J - a scroll of blinking
 N - a scroll of identify
Potions
 c - 8 potions of curing
 d - 4 potions of agility
 g - a potion of flight
 j - 3 potions of heal wounds
 l - 2 potions of haste {unknown}
 o - a potion of magic
 s - 5 potions of cure mutation
 v - 3 potions of might {unknown}
 A - 2 potions of lignification {unknown}
 B - a potion of resistance
 C - 3 potions of ambrosia
 G - 3 potions of brilliance
 K - a potion of berserk rage
Comestibles
 b - 4 bread rations
 i - 2 beef jerkies
 r - 2 meat rations
 u - 3 chunks of flesh
 E - a royal jelly
 H - 29 fruits
 I - 2 slices of pizza


   Skills:
 + Level 11.0 Fighting
 * Level 13.4 Long Blades
 + Level 9.2 Dodging


You had 10 spell levels left.
You didn't know any spells.

Dungeon Overview and Level Annotations

Branches:
Dungeon (11/15)            Temple (0/1) D:5            Lair (0/8) D:9
    Orc: D:9-12

Altars:
Ashenzari
Gozag
Kikubaaqudgha
Makhleb
Nemelex Xobeh
Okawaru
Pakellas
Qazlal
Sif Muna
Trog
Vehumet
Yredelemnul

Shops:
D:4 !   D:6 *   D:7 %   D:8 *(

Annotations:
D:5 some shit


Innate Abilities, Weirdness & Mutations

You can walk through water.
Your dull iron-grey scales are very hard (AC +12).
Your body does not fit into most forms of armour.
You can survive without breathing.
You are cold-blooded and may be slowed by cold attacks.


Message History

You hit the komodo dragon.
There is a sudden explosion of sparks!
The komodo dragon is moderately wounded.
The komodo dragon misses you.
You hit the komodo dragon but do no damage.
You tail-slap the komodo dragon, but do no damage.
The komodo dragon is moderately wounded.
The komodo dragon bites you!
You hit the komodo dragon but do no damage.
There is a sudden explosion of sparks!
The komodo dragon is heavily wounded.
You hit the komodo dragon but do no damage.
There is a sudden explosion of sparks!
The komodo dragon is almost dead.
The komodo dragon bites you!!
* * * LOW HITPOINT WARNING * * *
You are too injured to fight recklessly!
A red film seems to cover your vision as you go berserk!
You feel yourself moving faster!
You feel mighty!
You feel quite a bit more hungry. The komodo dragon bites you!!
You die...

......≈≈≈≈≈≈≈≈..≈≈
)......≈≈≈≈≈≈≈≈≈≈≈≈≈P.PP
()......≈≈≈≈≈≈≈≈≈≈≈≈....
.)8......≈≈≈≈≈≈≈≈≈≈≈...P
#...##....≈≈≈≈≈≈≈≈≈≈....
#...##.....≈≈≈≈≈≈≈≈o(PP.
...........≈≈≈≈≈≈≈≈≈....
.._...8....≈≈≈≈≈≈l≈≈≈P.P
............≈≈≈≈@≈≈≈....
#...##......≈≈≈≈≈≈≈≈PPPP
#...##......≈≈≈≈≈≈≈≈....
..8..........≈≈≈≈≈≈≈P.PP
.............≈≈≈≈≈≈≈....
...........≈≈≈≈≈≈≈≈.P.P.
...≈≈≈≈≈≈≈≈≈≈≈≈≈≈≈≈.....
.≈≈≈≈≈≈≈≈≈≈≈≈≈≈≈≈...P...
≈≈≈≈≈≈≈≈≈≈≈≈≈≈≈...P♣


You could see a komodo dragon and an orc priest.

Vanquished Creatures
  An unseen horror (D:11)
  A hill giant (D:11)
  An ugly thing (D:11)
  The ghost of namelastname112 the Slasher, a novice DrBe of Trog (D:5)
  Joseph (D:8)
  A troll (D:11)
  A merfolk (D:11)
  A two-headed ogre (D:11)
  Grinder (D:3)
  3 wyverns
  A shadow (D:11)
  2 wraiths (Ossuary)
  2 water elementals (D:11)
  20 yaks
  2 hogs (D:11)
  A hippogriff (D:8)
  A water moccasin (D:9)
  4 orc warriors
  3 sky beasts
  A black bear (D:11)
  A phantom (D:5)
  An ice beast (D:7)
  4 centaurs
  5 ogres
  A crocodile (D:11)
  4 big kobolds
  10 giant frogs
  3 gnoll sergeants
  A wyvern skeleton (D:10)
  A scorpion (D:4)
  3 wights (Ossuary)
  3 killer bees (D:11)
  5 electric eels (D:11)
  5 howler monkeys
  4 crimson imps
  2 jellies
  A quasit (D:10)
  A giant frog zombie (D:6)
  A centaur zombie (D:11)
  6 hounds
  7 orc priests
  3 giant frog skeletons
  2 gnoll shamans
  Crazy Yiuf (D:2)
  3 centaur skeletons
  Jessica (D:3)
  6 orc wizards
  3 iguanas
  5 worker ants
  A killer bee zombie (D:11)
  5 sheep
  A hound skeleton (D:9)
  A howler monkey zombie (D:9)
  10 gnolls
  7 river rats (D:7)
  11 adders
  2 shadow imps
  An ooze (D:1)
  An adder skeleton (D:7)
  An adder zombie (Ossuary)
  A worm (D:6)
  3 dart slugs
  3 giant geckos
  19 orcs
  5 giant cockroaches
  8 goblins
  11 hobgoblins
  3 jackals (D:6)
  6 kobolds
  4 quokkas
  A ball python skeleton (Ossuary)
  13 bats
  3 giant newts
  A hobgoblin zombie (Ossuary)
  3 kobold zombies (Ossuary)
  An orc skeleton (Ossuary)
  2 orc zombies (Ossuary)
  29 rats
299 creatures vanquished.

Vanquished Creatures (others)
  A plant (D:11)
1 creature vanquished.

Grand Total: 300 creatures vanquished

Notes
Turn   | Place    | Note
--------------------------------------------------------------
     0 | D:1      | namelastname112 the Draconian Berserker began the quest for the Orb.
     0 | D:1      | Reached XP level 1. HP: 19/19 MP: 1/1
    76 | D:1      | Reached XP level 2. HP: 20/26 MP: 2/2
   412 | D:1      | Reached ** piety under Trog
   478 | D:1      | Reached XP level 3. HP: 14/31 MP: 3/3
   653 | D:2      | Found a stormy altar of Qazlal.
   653 | D:2      | Noticed an earth elemental
   653 | D:2      | Noticed an air elemental
   653 | D:2      | Noticed a fire elemental
   653 | D:2      | Noticed a water elemental
   690 | D:2      | Found a faded altar to an unknown god.
   823 | D:2      | Reached skill level 4 in Long Blades
  1015 | D:2      | Found a deep blue altar of Sif Muna.
  1037 | D:2      | Found a shattered altar of Ashenzari.
  1084 | D:2      | Reached XP level 4. HP: 33/40 MP: 4/4
  1251 | D:2      | Noticed Crazy Yiuf
  1256 | D:2      | Killed Crazy Yiuf
  1396 | D:3      | Found a basalt altar of Yredelemnul.
  1541 | D:3      | Noticed Grinder
  1570 | D:3      | Noticed Jessica
  1581 | D:3      | Reached XP level 5. HP: 29/46 MP: 5/5
  1596 | D:3      | Killed Grinder
  1596 | D:3      | Reached skill level 5 in Long Blades
  1596 | D:3      | Reached XP level 6. HP: 24/55 MP: 6/6
  1608 | D:3      | Killed Jessica
  1608 | D:3      | Reached *** piety under Trog
  1627 | D:3      | Reached skill level 5 in Fighting
  2346 | D:4      | Reached skill level 6 in Long Blades
  2465 | D:4      | Your scales start taking on a dull iron-grey colour.
  2465 | D:4      | Reached XP level 7. HP: 61/61 MP: 7/7
  2465 | D:4      | Gained mutation: You can survive without breathing. [Grey Draconian growth]
  2472 | D:4      | Found a sand-covered staircase.
  2481 | Ossuary  | Entered an ossuary
  2567 | Ossuary  | Noticed a wraith
  2567 | Ossuary  | Noticed a flying skull
  2573 | Ossuary  | Noticed a flying skull
  2577 | Ossuary  | Noticed a flying skull
  2622 | Ossuary  | Noticed a flying skull
  2724 | Ossuary  | Noticed a wraith
  2732 | Ossuary  | Killed a wraith
  2732 | Ossuary  | Reached skill level 7 in Long Blades
  2809 | Ossuary  | Noticed a flying skull
  2815 | Ossuary  | Noticed a wraith
  2825 | Ossuary  | Killed a wraith
  2951 | D:4      | Found Kiuffodu's Distillery.
  2961 | D:4      | Bought a potion of curing for 30 gold pieces
  3202 | D:4      | Reached XP level 8. HP: 69/70 MP: 8/8
  3287 | D:5      | Entered Level 5 of the Dungeon
  3442 | D:5      | Reached skill level 5 in Dodging
  3827 | D:5      | Noticed namelastname112's ghost (novice DrBe)
  3853 | D:5      | Killed namelastname112's ghost
  3853 | D:5      | Reached skill level 8 in Long Blades
  3951 | D:5      | Found a radiant altar of Vehumet.
  3954 | D:5      | Found a sparkling altar of Nemelex Xobeh.
  3957 | D:5      | Found a burning altar of Makhleb.
  4197 | D:5      | Found a staircase to the Ecumenical Temple.
  4304 | D:6      | Found Ybogague's General Store.
  4386 | D:6      | Found a bloodstained altar of Trog.
  4470 | D:6      | Reached skill level 9 in Long Blades
  4514 | D:6      | Found a shattered altar of Ashenzari.
  4585 | D:6      | Reached XP level 9. HP: 71/79 MP: 9/9
  4937 | D:7      | Reached **** piety under Trog
  5349 | D:7      | You fall through a shaft for 2 floors!
  5622 | D:9      | Found a staircase to the Lair.
  5686 | D:8      | Identified 2 scrolls of acquirement
  5687 | D:8      | Got a transparent cloak
  5698 | D:8      | Identified the -2 cloak "Lusiast" {rPois} (You acquired it on level 8 of the Dungeon)
  5705 | D:8      | Got a pair of spiked gloves
  5711 | D:8      | Identified the +0 pair of gloves "Kecudigh" {-Cast Int+4 Dex+10 SInv} (You acquired it on level 8 of the Dungeon)
  5717 | D:8      | Noticed Joseph
  5731 | D:8      | Found a flagged portal.
  5811 | D:8      | Killed Joseph
  5811 | D:8      | Reached skill level 10 in Long Blades
  5982 | D:8      | Found an opulent altar of Gozag.
  6002 | D:8      | Found Egucsiar's Antique Weapon Emporium.
  6227 | D:8      | Found an ancient bone altar of Kikubaaqudgha.
  6279 | D:8      | Found an iron altar of Okawaru.
  6421 | D:8      | Found Xaihadoo's Assorted Antiques.
  6580 | D:7      | Reached XP level 10. HP: 90/90 MP: 10/10
  6585 | D:7      | Found Bugefet's Food Shop.
  6875 | D:9      | Reached ***** piety under Trog
  6891 | D:9      | Reached skill level 11 in Long Blades
  7693 | D:10     | Entered Level 10 of the Dungeon
  7945 | D:10     | Reached skill level 12 in Long Blades
  8519 | D:11     | Reached XP level 11. HP: 99/99 MP: 11/11
  8525 | D:11     | Reached skill level 10 in Fighting
  8817 | D:11     | Noticed an unseen horror
  8832 | D:11     | Killed an unseen horror
  8914 | D:11     | Noticed a hill giant
  8942 | D:11     | Killed a hill giant
  9187 | D:11     | Reached ****** piety under Trog
  9288 | D:11     | Received a gift from Trog
  9414 | D:11     | Reached skill level 13 in Long Blades
  9503 | D:11     | Noticed a green ugly thing
  9520 | D:11     | Killed a green ugly thing
  9839 | D:11     | Found an oddly glowing altar of Pakellas.
  9845 | D:11     | Received a gift from Trog
 10232 | D:11     | Slain by a komodo dragon

Vault maps used:
D:1:      ncdulo_smallfort
D:2:      overflow_temple_1_default, ashenzari_conservatory_becter,
          ecumenical_altar_2, interstate_on_off,
          nicolae_qazlal_style_of_elements, uniq_crazy_yiuf_cottage
D:3:      nicolae_overflow_hidden_temple, first_bread, grunt_decor_mini_mirrors,
          uniq_jessica, uniq_grinder
D:4:      enter_ossuary_1, serial_shops, shop
D:5:      grunt_temple_overflow_diamond, temple_hall, serial_glass,
          glass_columns_b, glass_columns_c, due_unseen_surprise, feat_on_display
D:6:      lightli_temple_of_fire, serial_shops, shop_fountains,
          kennysheep_diamond
D:7:      lemuel_ratsnest, serial_shops, shop
D:8:      lemuel_crystal_altar, lemuel_doored_altar, lemuel_round_altar,
          enter_bailey_7, serial_shops, shop, nicolae_shop_behind_doors,
          st_stairs_8, kennysheep_small_square, uniq_joseph
D:9:      dpeg_lair_monsters, blue_anna_alchemist
D:11:     kennysheep_town
Ossuary:  ossuary_due_cavern

Skill      XL: |  1  2  3  4  5  6  7  8  9 10 11 |
---------------+----------------------------------+-----
Dodging        | 3 4 5 6 8 9 |  9.2
Long Blades    | 4 5 6 7 9 10 12 13 | 13.4
Fighting       | 4 5 6 7 8 9 11 | 11.0

Action                   |  1- 3 |  4- 6 |  7- 9 | 10-12 || total
-------------------------+-------+-------+-------+-------++-------
Melee: Falchion          |   174 |    39 |       |       ||   213
       Short sword       |       |    51 |   463 |   531 ||  1045
Invok: Berserk           |       |     2 |     3 |     6 ||    11
       Trog's Hand       |       |     1 |       |     1 ||     2
       Burn Spellbooks   |       |       |     1 |     2 ||     3
Evoke: Wand              |       |     4 |       |       ||     4
  Use: Scroll            |       |       |    12 |    15 ||    27
 Stab: Sleeping          |     1 |     1 |     6 |     1 ||     9
       Distracted        |       |       |     1 |       ||     1
  Eat: Chunk             |     1 |     5 |     8 |    18 ||    32
       Meat ration       |       |       |     1 |       ||     1
       Bread ration      |       |       |     1 |       ||     1
